 Dungeon Crawl Stone Soup version 0.30.0-5-g1a98f26d00 (webtiles) character file.

Game seed: 9208194293714425688

169791 Seidenschwarz the Sorcerer (level 17, -28/88 HPs)
             Began as a Deep Elf Conjurer on May 12, 2023.
             Was a High Priest of Vehumet.
             Killed from afar by a deep elf annihilator (79 damage)
             ... with a crystal spear
             ... on level 3 of the Elven Halls.
             The game lasted 01:36:24 (28886 turns).

Seidenschwarz the Sorcerer (Deep Elf Conjurer)     Turns: 28886, Time: 01:36:25

Health: -28/88     AC: 11    Str:  4    XL:     17   Next: 36%
Magic:  29/64      EV: 15    Int: 45    God:    Vehumet [*****.]
Gold:   1970       SH:  0    Dex: 16    Spells: 29/62 levels left

rFire   . . .        N - staff of conjuration
rCold   + + .        (no shield)
rNeg    . . .        M - +2 robe {rC+}
rPois   +            U - +2 helmet {Int+3}
rElec   .            Z - +1 cloak {rPois}
rCorr   .            a - +0 pair of gloves
SInv    .            o - +0 pair of boots "Equtolud" {rC+ MP+9 Int+4}
Will    +....        P - amulet of magic regeneration
Stlth   ++++         h - ring of magical power
HPRegen 0.34/turn    y - ring "Taropic" {rPois Int+6 Dex+3}
MPRegen 0.79/turn

%: clarity
@: no status effects
A: hooves 1, clarity
a: Renounce Religion


You were on level 3 of the Elven Halls.
You worshipped Vehumet.
Vehumet was extremely pleased with you.
You visited 5 branches of the dungeon, and saw 26 of its levels.
You also visited: Gauntlet.

You collected 2962 gold pieces.
You spent 992 gold pieces at shops.

Inventory:

Missiles
 z - 5 throwing nets
Armour
 a - a +0 pair of gloves (worn)
 o - the +0 pair of boots "Equtolud" (worn) {rC+ MP+9 Int+4}
   (You acquired it on level 5 of the Dungeon)

   Int:       It affects your intelligence (+4).
   rC:        It protects you from cold.
   MP:        It affects your magic capacity (+9).
 M - a +2 robe of cold resistance (worn)
 U - a +2 helmet of intelligence (worn)
 Z - a +1 cloak of poison resistance (worn)
Magical Staves
 N - a staff of conjuration (weapon)
Jewellery
 c - a ring of flight
 h - a ring of magical power (left hand)
 q - the ring of Boczuull {*Slow rElec rN+ Str+3}
   (You found it on level 3 of the Dungeon)

   [ring of positive energy]

   Str:       It affects your strength (+3).
   rElec:     It insulates you from electricity.
   rN:        It protects you from negative energy.
   *Slow:     It may slow you when you take damage.
 r - a ring of fire
 y - the ring "Taropic" (right hand) {rPois Int+6 Dex+3}
   (You found it on level 5 of the Lair of Beasts)

   [ring of intelligence]

   Int:       It affects your intelligence (+6).
   Dex:       It affects your dexterity (+3).
   rPois:     It protects you from poison.
 E - a ring of magical power
 I - a +5 ring of evasion
 J - a +6 ring of intelligence
 P - an amulet of magic regeneration (around neck)
 R - a ring of see invisible
 V - the amulet "Xalivuh" {rPois rC- Regen+ Dex+2 Stlth+}
   (You found it in a Gauntlet)

   [amulet of regeneration]

   Dex:       It affects your dexterity (+2).
   rC:        It makes you vulnerable to cold.
   rPois:     It protects you from poison.
   Regen:     It increases your rate of health regeneration.
   Stlth:     It makes you more stealthy.
Wands
 d - a wand of iceblast (22)
 p - a wand of flame (64)
 C - a wand of quicksilver (21)
 F - a wand of digging (8)
 H - a wand of paralysis (17)
 W - a wand of mindburst (17)
Scrolls
 e - 9 scrolls of teleportation
 f - 3 scrolls of enchant weapon
 g - 8 scrolls of identify
 j - 3 scrolls of enchant armour
 l - a scroll of blinking
 s - 7 scrolls of poison
 t - 3 scrolls of silence
 u - 5 scrolls of amnesia
 v - 3 scrolls of butterflies
 x - 4 scrolls of magic mapping
 B - 4 scrolls of fog
 G - 3 scrolls of fear
Potions
 b - 2 potions of magic
 i - 8 potions of heal wounds
 k - 5 potions of mutation
 m - 4 potions of resistance
 n - 8 potions of curing
 w - a potion of berserk rage
 A - 3 potions of ambrosia
 D - 5 potions of haste
 K - 4 potions of might
 L - 5 potions of cancellation
 O - 4 potions of invisibility
 Q - a potion of attraction {unknown}
 S - a potion of flight
 T - a potion of brilliance


   Skills:
 - Level 4.0 Fighting
 + Level 0.4 Short Blades
 - Level 0.1(0.2) Long Blades
 - Level 0.1(0.2) Axes
 - Level 0.6(0.7) Staves
 + Level 0.5 Ranged Weapons
 - Level 7.0 Dodging
 - Level 9.3 Stealth
 + Level 0.1 Shields
 + Level 23.4 Spellcasting
 * Level 17.3 Conjurations
 - Level 6.0 Hexes
 - Level 7.0 Summonings
 + Level 0.4 Necromancy
 - Level 5.0 Translocations
 + Level 0.1 Transmutations
 - Level 12.1 Fire Magic
 + Level 0.3 Ice Magic
 - Level 12.2 Air Magic
 * Level 3.1 Earth Magic
 + Level 0.5 Poison Magic
 + Level 0.5 Invocations


You had 29 spell levels left.
You knew the following spells:

 Your Spells              Type           Power      Damage    Failure   Level
a - Magic Dart            Conj           100%       1d8       0%          1
b - Searing Ray           Conj           100%       2d8       0%          2
c - Iskenderun's Mystic   Conj/Tloc      100%       2d19      1%          4
d - Fulminant Prism       Conj/Hex       63%        3d26      1%          4
e - Airstrike             Air            52%        2d(8-24)  0%          4
f - Summon Lightning Spi  Summ/Air       96%        N/A       1%          4
g - Plasma Beam           Fire/Air       52%        2x1d73    1%          6
h - Lehudib's Crystal Sp  Conj/Erth      60%        10d14     9%          8

Your spell library contained the following spells:

 Spells                   Type           Power      Damage    Failure   Level
 Momentum Strike          Conj/Tloc      100%       3d10      0%          2
 Static Discharge         Conj/Air       100%       2-7/arc   0%          2
 Dazzling Flash           Conj/Hex       100%       N/A       0%          3
 Stone Arrow              Conj/Erth      100%       3d13      0%          3
 Arcjolt                  Conj/Air       67%        1d77      0%          5
 Sandblast                Erth           100%       2d20      1%          1
 Sting                    Tmut/Pois      100%       1d8       1%          1
 Blink                    Tloc           100%       N/A       1%          2
 Lesser Beckoning         Tloc           100%       N/A       1%          2
 Passwall                 Tmut/Erth      50%        N/A       1%          2
 Poisonous Vapours        Pois/Air       100%       N/A       1%          2
 Sublimation of Blood     Necr           54%        N/A       1%          2
 Wereblood                Tmut           53%        N/A       1%          2
 Hailstorm                Conj/Ice       100%       3d20      1%          3
 Vhi's Electric Charge    Tloc/Air       100%       N/A       1%          3
 Animate Armour           Summ/Erth      100%       N/A       1%          4
 Leda's Liquefaction      Hex/Erth       38%        N/A       1%          4
 Manifold Assault         Tloc           78%        N/A       1%          4
 Olgreb's Toxic Radiance  Pois           55%        N/A       1%          4
 Petrify                  Tmut/Erth      61%        N/A       1%          4
 Freezing Cloud           Conj/Ice/Air   59%        6-21      1%          5
 Irradiate                Conj/Tmut      57%        3d30      1%          5
 Lee's Rapid Deconstruct  Erth           34%        3d17*     1%          5
 Summon Forest            Summ/Tloc      41%        N/A       1%          5
 Summon Mana Viper        Hex/Summ       84%        N/A       1%          5
 Orb of Destruction       Conj           71%        9d16      1%          7
 Ice Form                 Ice/Tmut       53%        N/A       2%          4
 Metabolic Englaciation   Hex/Ice        34%        N/A       2%          5
 Summon Cactus Giant      Summ           43%        N/A       2%          6
 Summon Hydra             Summ           43%        N/A       14%         7
 Storm Form               Tmut/Air       41%        N/A       22%         7
 Statue Form              Tmut/Erth      40%        N/A       24%         6
 Simulacrum               Ice/Necr       27%        N/A       38%         6


Dungeon Overview and Level Annotations

Branches:
Dungeon (15/15)            Temple (1/1) D:7            Lair (5/5) D:10
 Shoals (0/4) Lair:3       Spider (0/4) Lair:3        Slime (0/5) Lair:4
    Orc (2/2) D:9             Elf (3/3) Orc:2        Vaults (0/5) D:14
 Depths (0/4) D:15        Gauntlet (visited)

Altars:
Ashenzari
Cheibriados
Dithmenos
Elyvilon
Fedhas
Gozag
Hepliaklqana
Kikubaaqudgha
Makhleb
Nemelex Xobeh
Okawaru
Qazlal
Ru
Sif Muna
Trog
Uskayaw
Vehumet
Wu Jian
Xom
Yredelemnul
Zin
The Shining One

Shops:
D:2 (   D:3 *   D:5 =   D:8 (   D:10 [   Orc:1 (   Orc:2 [=*:

Annotations:
D:9 1 runed translucent door, jasper's ghost, novice SpAr
D:10 2 runed translucent doors


Innate Abilities, Weirdness & Mutations

You have large cloven feet.
You possess an exceptional clarity of mind.


Message History

The deep elf blademaster is heavily wounded.
The fiery plasma hits the deep elf blademaster!!
The deep elf blademaster is almost dead.
The deep elf blademaster hits you but does no damage.
The deep elf blademaster hits you with a +0 rapier.
Casting: Plasma Beam (mildly dangerous; 1% risk of failure)
Confirm with . or Enter, or press ? or * to list all spells.
You feel a surge of power!
You erupt in a blast of force!
The mystic blast hits the deep elf blademaster!
The deep elf blademaster is almost dead.
The deep elf blademaster is knocked back by the mystic blast.
The deep elf blademaster slams into the rock wall!
You kill the deep elf blademaster!
Vehumet accepts your kill.
You feel your power returning.
Unknown command.
A deep elf annihilator comes into view. It is wielding a +0 dagger.
Casting: Iskenderun's Mystic Blast (safe; 1% risk of failure)
Confirm with . or Enter, or press ? or * to list all spells.
An electric hum fills the air.
A deep elf elementalist comes into view.
It is wielding a +4 hand axe of flaming and wearing the ring of Past Mistakes {Str+4 Int+6}.
Casting: Summon Lightning Spire (safe; 1% risk of failure)
Confirm with . or Enter, or press ? or * to list all spells.
Aiming: Airstrike (safe; 0% risk of failure)
Press: ? - help, Dir - move target, f - deep elf annihilator
Aim: a deep elf annihilator, wielding a +0 dagger and wearing a +0 ring mail (empty space bonus: 6/8)
The air twists around and strikes the deep elf annihilator!
The deep elf annihilator is lightly wounded.
Unknown command.
Casting: Airstrike (safe; 0% risk of failure)
Confirm with . or Enter, or press ? or * to list all spells.
Casting: Plasma Beam (mildly dangerous; 1% risk of failure)
Press: ? - help, Dir - look around, f - activate The bolt of lightning hits the deep elf annihilator!!!
The deep elf annihilator is severely wounded.
The fiery plasma misses the deep elf annihilator.
The deep elf annihilator points at you and mumbles some strange words.
The crystal spear hits you!!!!
Ouch! That really hurt!
You die...

###.##.##### ........#
....##.# #..........
##..##.########.........
#.#..#......)###....<...
.###.........)....###...
## ##........#..e#...#..
# ##.......#8..#...#.# #
##........#e#.#...#.
#.#.......).#@.# #..
##########.##### #...
#..... #....... ##...##.
.... ....#


You could see a deep elf annihilator, a deep elf elementalist (repels missiles)
and a friendly lightning spire (summoned).

Vanquished Creatures
  Jorgrun (D:12)
  3 deep elf blademasters
  Frances (D:12)
  Roxanne (Elf:2)
  3 deep elf sorcerers (Elf:3)
  An orc warlord (Orc:1)
  5 deep elf elementalists (Elf:3)
  A stone giant (D:15)
  2 deep elf demonologists
  A dire elephant (Lair:5)
  4 deep elf annihilators
  A minotaur (Gauntlet)
  Snorg (D:12)
  An ettin (Orc:1)
  3 deep elf death magi (Elf:3)
  5 deep elf high priests
  Fannar (Lair:1)
  Harold (Orc:1)
  7 vault guards (D:14)
  A great orb of eyes (shapeshifter) (Elf:2)
  4 hydras
  A catoblepas (Lair:5)
  3 centaur warriors
  A boulder beetle (D:15)
  4 two-headed ogres
  36 dancing weapons
  14 death yaks
  4 orc high priests
  A tengu warrior (D:15)
  Urug (D:13)
  A deep troll shaman (Lair:5)
  Sonja (D:12)
  15 deep elf knights
  A skyshark (Lair:5)
  2 sea snakes (shapeshifter)
  2 orc knights
  2 wizards (D:12)
  3 oklob plants
  5 deep elf archers
  23 deep elf zephyrmancers
  8 ugly things
  24 deep elf pyromancers
  3 cyclopes
  2 manticores
  An orc sorcerer (Orc:2)
  8 elephants
  5 black mambas
  6 cane toads
  A gargoyle (D:12)
  5 rime drakes
  2 unseen horrors
  8 komodo dragons
  A yaktaur (D:15)
  2 efreet
  2 tengu conjurers
  8 trolls
  2 polar bears (Lair:5)
  A tyrant leech (Gauntlet)
  Grinder (D:5)
  3 blink frogs (Lair:2)
  5 dream sheep (Lair:4)
  5 slime creatures
  A culicivora (Lair:3)
  2 wraiths
  An air elemental (Elf:3)
  2 vampires
  27 yaks
  Sigmund (D:2)
  2 shadows
  4 wyverns
  Grum (Lair:1)
  6 fire elementals
  4 water elementals
  4 basilisks
  A human (shapeshifter) (Elf:1)
  A steam dragon (D:6)
  2 chaos spawn (Gauntlet)
  A neqoxec (Gauntlet)
  6 vampire mosquitoes
  2 large abominations (Gauntlet)
  4 swamp worms (Gauntlet)
  2 wargs
  An acid dragon (D:7)
  8 water moccasins
  15 orc warriors
  2 ice beasts
  4 ogres
  5 small abominations (Gauntlet)
  10 wolves
  3 centaurs
  4 phantoms
  13 bullfrogs
  4 earth elementals
  3 scorpions
  14 wights
  4 killer bees (D:11)
  7 howler monkeys
  8 electric eels
  A hound (D:6)
  4 jellies
  3 gnoll boudas
  5 iguanas
  21 orc priests
  2 sleepcaps
  Jessica (D:3)
  Ijyb (D:5)
  8 hell rats
  Natasha (thrice) (D:2)
  22 orc wizards
  17 gnolls
  6 adders
  A shadow imp (D:7)
  An ufetubus (D:6)
  4 dart slugs
  78 orcs
  6 bats
  4 endoplasms
  A giant cockroach (D:2)
  6 goblins
  7 hobgoblins
  5 jackals
  3 kobolds
  3 quokkas
  6 ball pythons
  3 frilled lizards
  3 rats
  A fulminant prism (Elf:3)
676 creatures vanquished.

Vanquished Creatures (collateral kills)
  A quicksilver ooze (Lair:5)
  A deep elf annihilator (Elf:2)
  A deep elf death mage (Elf:3)
  A deep elf high priest (Elf:3)
  A vault guard (D:14)
  3 hydras
  A boulder beetle (Lair:4)
  4 death yaks (Lair:5)
  An orc high priest (Orc:2)
  A deep elf knight (Elf:3)
  A deep elf archer (Elf:3)
  2 deep elf zephyrmancers
  2 deep elf pyromancers
  A merfolk siren (Lair:3)
  A torpor snail (Lair:3)
  A black mamba (Lair:2)
  3 cane toads
  A rime drake (Lair:4)
  2 komodo dragons
  3 trolls
  A polar bear (Lair:2)
  A blink frog (Lair:2)
  3 slime creatures
  A water elemental (Elf:3)
  A wyvern (Lair:5)
  7 yaks
  2 basilisks
  A vampire mosquito (D:11)
  An acid dragon (shapeshifter) (Elf:1)
  3 water moccasins
  7 orc warriors
  A black bear (Lair:5)
  9 wolves
  2 ogres
  5 bullfrogs
  A jelly (Lair:5)
  11 orc priests (Orc:2)
  8 orc wizards
  3 hell rats
  4 gnolls (Orc:1)
  9 orcs
113 creatures vanquished.

Vanquished Creatures (others)
  A water elemental (Elf:1)
  140 fulminant prisms
141 creatures vanquished.

Grand Total: 930 creatures vanquished

Notes
Turn   | Place    | Note
-------+----------+-------------------------------------------
     0 | D:1      | Seidenschwarz the Deep Elf Conjurer began the quest for the
                  | Orb.
     0 | D:1      | Reached XP level 1. HP: 10/10 MP: 6/6
   201 | D:1      | Reached XP level 2. HP: 15/15 MP: 2/8
   659 | D:1      | Learned a level 2 spell: Searing Ray
   759 | D:2      | Noticed Sigmund
   765 | D:2      | Killed Sigmund
   766 | D:2      | Reached skill level 4 in Spellcasting
   766 | D:2      | Reached XP level 3. HP: 12/19 MP: 1/10
   766 | D:2      | Reached XP level 4. HP: 15/24 MP: 1/12
   766 | D:2      | Reached XP level 5. HP: 17/28 MP: 1/13
  1132 | D:2      | Found a faded altar of an unknown god.
  1259 | D:2      | Noticed Natasha
  1262 | D:2      | Killed Natasha
  1426 | D:2      | Noticed Natasha
  1430 | D:2      | Killed Natasha
  1451 | D:2      | Noticed Natasha
  1454 | D:2      | Killed Natasha
  1455 | D:2      | Reached XP level 6. HP: 32/32 MP: 9/15
  1541 | D:2      | Found Naiwn's Antique Weapon Shoppe.
  1761 | D:2      | Reached skill level 5 in Spellcasting
  2126 | D:3      | Found an iron altar of Okawaru.
  2239 | D:3      | Learned a level 4 spell: Iskenderun's Mystic Blast
  2244 | D:3      | Learned a level 4 spell: Fulminant Prism
  2327 | D:3      | Found Tozitiom's Assorted Antiques.
  2798 | D:3      | Identified the +1 robe "Loicw" {rC+ Will+ Slay+3}
  2839 | D:3      | Noticed Jessica
  2841 | D:3      | Killed Jessica
  2874 | D:3      | Identified the ring of Boczuull {*Slow rElec rN+ Str+3}
  3194 | D:4      | Reached skill level 6 in Spellcasting
  3194 | D:4      | Reached XP level 7. HP: 36/36 MP: 10/18
  3331 | D:4      | You are sucked into a shaft and drop 1 floor!
  3331 | D:5      | Entered Level 5 of the Dungeon
  3331 | D:5      | Found a glowing silver altar of Zin.
  3341 | D:5      | Noticed Ijyb
  3354 | D:5      | Killed Ijyb
  3445 | D:5      | Noticed Grinder
  3452 | D:5      | Killed Grinder
  3453 | D:5      | Reached skill level 7 in Spellcasting
  3805 | D:5      | Reached XP level 8. HP: 41/41 MP: 15/21
  3810 | D:5      | Reached skill level 8 in Spellcasting
  4067 | D:5      | Reached skill level 1 in Hexes
  4067 | D:5      | Reached skill level 1 in Translocations
  4161 | D:5      | Found Fino's Jewellery Emporium.
  4437 | D:5      | Identified a scroll of acquirement
  4437 | D:5      | Acquired the +0 pair of boots "Equtolud" {rC+ MP+9 Int+4}
  5277 | D:6      | Reached skill level 5 in Hexes
  5781 | D:7      | Reached XP level 9. HP: 45/45 MP: 23/23
  5860 | D:7      | Found a snail-covered altar of Cheibriados.
  6053 | D:7      | Reached skill level 5 in Translocations
  6055 | D:7      | Reached skill level 9 in Spellcasting
  6488 | D:7      | Found a staircase to the Ecumenical Temple.
  6496 | Temple   | Entered the Ecumenical Temple
  6962 | D:7      | Reached skill level 10 in Spellcasting
  6962 | D:7      | Reached skill level 10 in Conjurations
  7226 | D:8      | Found a hazy altar of Hepliaklqana.
  7265 | D:8      | Found a burning altar of Makhleb.
  7544 | D:8      | Found Jistros's Weapon Boutique.
  7708 | D:8      | Identified the +1 leather armour "Vuuhoed" {rF+}
  7886 | D:8      | Reached skill level 11 in Spellcasting
  8158 | D:9      | Found a radiant altar of Vehumet.
  8206 | D:9      | Became a worshipper of Vehumet
  8239 | D:9      | Reached XP level 10. HP: 48/50 MP: 12/27
  8379 | D:9      | Found a staircase to the Orcish Mines.
  8471 | D:9      | Found a runed translucent door.
  8489 | D:9      | Noticed jasper's ghost (novice SpAr)
  8489 | D:9      | Noticed a deep elf pyromancer
  8787 | D:9      | Reached skill level 12 in Spellcasting
  8857 | D:9      | Found a white marble altar of Elyvilon.
  9405 | D:10     | Entered Level 10 of the Dungeon
  9414 | D:10     | Reached * piety under Vehumet
  9414 | D:10     | Offered knowledge of Kiss of Death by Vehumet.
  9431 | D:10     | Noticed a two-headed ogre
  9439 | D:10     | Killed a two-headed ogre
  9440 | D:10     | Reached skill level 13 in Spellcasting
  9621 | D:10     | Noticed a cyclops
  9628 | D:10     | Killed a cyclops
  9674 | D:10     | Found Hiuc's Antique Armour Emporium.
  9694 | D:10     | Found a bloodstained altar of Trog.
  9996 | D:10     | Found a staircase to the Lair.
 10144 | D:10     | Found a large runed translucent door.
 10144 | D:10     | Found a large runed translucent door.
 10170 | D:10     | Reached skill level 14 in Spellcasting
 10211 | D:10     | a redback changed into a manticore
 10211 | D:10     | Noticed a manticore (shapeshifter)
 10312 | D:10     | a manticore changed into a swamp worm
 10315 | D:10     | a swamp worm changed into a torpor snail
 10315 | D:10     | Noticed a torpor snail (shapeshifter)
 10325 | D:10     | Found a shadowy altar of Dithmenos.
 10372 | D:10     | Found a large runed translucent door.
 10373 | D:10     | Found a large runed translucent door.
 10397 | D:10     | Noticed a two-headed ogre
 10413 | D:10     | Killed a two-headed ogre
 10414 | D:10     | Reached XP level 11. HP: 54/54 MP: 26/31
 10428 | D:10     | Noticed a six-headed hydra
 10437 | D:10     | Killed a six-headed hydra
 10694 | D:10     | Found the +3 giant club "Skullcrusher" {speed, Str+7}
 10749 | D:10     | Noticed a deep troll
 10783 | D:10     | Noticed a sea snake
 10792 | D:10     | Killed a sea snake
 10928 | D:10     | Found a shimmering altar of Xom.
 11117 | D:10     | Reached skill level 15 in Spellcasting
 11351 | D:11     | Learned a level 4 spell: Summon Lightning Spire
 11359 | D:11     | Reached skill level 1 in Summonings
 11442 | Lair:1   | Entered Level 1 of the Lair of Beasts
 11638 | Lair:1   | Reached skill level 1 in Air Magic
 11997 | Lair:1   | Noticed Grum
 12001 | Lair:1   | Killed Grum
 12305 | D:5      | Bought an amulet of magic regeneration for 450 gold pieces
 12695 | Lair:1   | Noticed Fannar
 12702 | Lair:1   | Killed Fannar
 12760 | Lair:1   | Offered knowledge of Poisonous Vapours by Vehumet.
 12762 | Lair:1   | Reached ** piety under Vehumet
 12916 | Lair:1   | Reached skill level 5 in Summonings
 13246 | Lair:2   | Reached skill level 5 in Air Magic
 13363 | Lair:2   | Noticed an eight-headed hydra
 13374 | Lair:2   | Killed an eight-headed hydra
 13375 | Lair:2   | Reached XP level 12. HP: 59/59 MP: 30/33
 13417 | Lair:2   | Noticed a five-headed hydra
 13423 | Lair:2   | Killed a five-headed hydra
 13749 | Lair:2   | Reached skill level 1 in Fire Magic
 13755 | Lair:2   | Noticed a seven-headed hydra
 13770 | Lair:2   | Offered knowledge of Frozen Ramparts by Vehumet.
 13771 | Lair:2   | Killed a seven-headed hydra
 14184 | Lair:2   | Learned a level 4 spell: Airstrike
 14298 | Lair:3   | Reached *** piety under Vehumet
 14435 | Lair:3   | Found a staircase to the Shoals.
 14499 | Lair:3   | Offered knowledge of Inner Flame by Vehumet.
 14602 | Lair:3   | Noticed an eight-headed hydra
 14610 | Lair:3   | Killed an eight-headed hydra
 14862 | Lair:3   | Identified the +4 sling "Awaeleic" {speed, +Blink rF- rC+
                  | Int+3}
 14903 | Lair:3   | Found a hole to the Spider Nest.
 15254 | Lair:4   | Noticed a death yak
 15254 | Lair:4   | Noticed a death yak
 15254 | Lair:4   | Noticed a death yak
 15255 | Lair:4   | Noticed a death yak
 15257 | Lair:4   | Noticed a death yak
 15258 | Lair:4   | Reached skill level 10 in Air Magic
 15259 | Lair:4   | Noticed a death yak
 15333 | Lair:4   | Killed a death yak
 15334 | Lair:4   | Killed a death yak
 15335 | Lair:4   | Killed a death yak
 15336 | Lair:4   | Reached XP level 13. HP: 52/63 MP: 34/34
 15372 | Lair:4   | Found a staircase to the Slime Pits.
 15383 | Lair:4   | Reached **** piety under Vehumet
 15467 | Lair:4   | Found a gate leading to a gauntlet.
 15488 | Lair:4   | Offered knowledge of Ignite Poison by Vehumet.
 15533 | Gauntlet | Entered a Gauntlet
 15533 | Gauntlet | Found a transporter.
 15567 | Gauntlet | Found a transporter.
 15575 | Gauntlet | Found a transporter.
 15579 | Gauntlet | Found a transporter.
 15584 | Gauntlet | Found a runed translucent door.
 15585 | Gauntlet | Found a runed translucent door.
 15588 | Gauntlet | Found a transporter.
 15605 | Gauntlet | Found a transporter.
 15615 | Gauntlet | Found a transporter.
 15625 | Gauntlet | Found a transporter.
 15643 | Gauntlet | Found a transporter.
 15660 | Gauntlet | Found a transporter.
 15660 | Gauntlet | Found a transporter.
 15682 | Gauntlet | Found a transporter.
 15696 | Gauntlet | Reached skill level 5 in Fire Magic
 15829 | Gauntlet | Found a transporter.
 15907 | Gauntlet | Identified the amulet "Xalivuh" {rPois rC- Regen+ Dex+2
                  | Stlth+}
 15947 | Gauntlet | Noticed a minotaur
 15957 | Gauntlet | Killed a minotaur
 16290 | Lair:4   | Found a blossoming altar of Fedhas.
 16349 | Lair:4   | Reached ***** piety under Vehumet
 16460 | Lair:4   | Offered knowledge of Arcjolt by Vehumet.
 16832 | Lair:4   | Reached skill level 16 in Spellcasting
 17048 | Lair:5   | Entered Level 5 of the Lair of Beasts
 17154 | Lair:5   | Identified the +7 great sword of the Spheres {freeze,
                  | Fragile rF- Int+9 Dex+5}
 17330 | Lair:5   | Reached XP level 14. HP: 68/68 MP: 27/36
 17377 | Lair:5   | Reached skill level 17 in Spellcasting
 17952 | Lair:5   | Identified the +1 ring mail "Iroon" {Int+4}
 17958 | Lair:5   | Identified the ring "Taropic" {rPois Int+6 Dex+3}
 18274 | Lair:5   | Noticed a quicksilver ooze
 18284 | Lair:5   | Killed a quicksilver ooze
 18596 | Orc:1    | Entered Level 1 of the Orcish Mines
 18597 | Orc:1    | Noticed an orc warlord
 18601 | Orc:1    | Reached skill level 18 in Spellcasting
 18610 | Orc:1    | Killed an orc warlord
 18611 | Orc:1    | Reached skill level 15 in Conjurations
 18720 | Orc:1    | Noticed Harold
 18896 | Orc:1    | Killed Harold
 19135 | Orc:1    | Found Bileasit's Firing Range.
 19170 | Orc:1    | Offered knowledge of Yara's Violent Unravelling by Vehumet.
 19382 | Orc:2    | Entered Level 2 of the Orcish Mines
 19776 | Orc:2    | Found Huffon's Assorted Antiques.
 19776 | Orc:2    | Found Pisoc's Book Boutique.
 19777 | Orc:2    | Found Navymi Fiamu's Jewellery Shop.
 19782 | Orc:2    | Found Domylait's Armour Shop.
 19850 | Orc:2    | Found a staircase to the Elven Halls.
 20004 | Orc:2    | Reached skill level 19 in Spellcasting
 20047 | Orc:2    | Bought a +1 cloak of poison resistance for 202 gold pieces
 20049 | Orc:2    | Bought a book of Lightning for 340 gold pieces
 20056 | Orc:2    | Learned a level 6 spell: Plasma Beam
 20889 | D:11     | Identified the staff of poison "Joudoudu" {rPois Str-3
                  | Int+5 SInv Stlth+}
 21484 | D:12     | Noticed Sonja
 21485 | D:12     | Killed Sonja
 21503 | D:12     | Noticed Frances
 21503 | D:12     | Noticed Jorgrun
 21506 | D:12     | Killed Frances
 21507 | D:12     | Reached XP level 15. HP: 72/72 MP: 40/40
 21513 | D:12     | Noticed Snorg
 21514 | D:12     | Killed Jorgrun
 21525 | D:12     | Killed Snorg
 21949 | D:12     | Gained mutation: You have large cloven feet. [potion of
                  | mutation]
 21949 | D:12     | Gained mutation: You possess an exceptional clarity of
                  | mind. [potion of mutation]
 21978 | D:13     | Noticed Urug
 21980 | D:13     | Killed Urug
 21981 | D:13     | Reached skill level 20 in Spellcasting
 22660 | D:14     | Reached skill level 10 in Fire Magic
 22680 | D:14     | Offered knowledge of Eringya's Noxious Bog by Vehumet.
 22758 | D:14     | Found a gate to the Vaults.
 23219 | D:14     | Acquired 571 gold pieces
 23292 | D:15     | Entered Level 15 of the Dungeon
 23596 | D:15     | Found a staircase to the Depths.
 24278 | Elf:1    | Entered Level 1 of the Elven Halls
 24478 | Elf:1    | Found a radiant altar of Vehumet.
 24808 | Elf:1    | Reached skill level 21 in Spellcasting
 25017 | Elf:1    | Reached skill level 1 in Fighting
 25494 | Elf:1    | Reached XP level 16. HP: 79/79 MP: 43/43
 25657 | Elf:2    | Found an ancient bone altar of Kikubaaqudgha.
 25770 | Elf:2    | Reached skill level 5 in Stealth
 25772 | Elf:2    | Reached skill level 5 in Dodging
 26501 | Elf:2    | Got the Codex of Battle Magic
 26604 | Elf:2    | Noticed Roxanne
 26619 | Elf:2    | Killed Roxanne
 26619 | Elf:2    | Offered knowledge of Irradiate by Vehumet.
 26845 | Elf:2    | Found a runed translucent gate.
 26845 | Elf:2    | Found a runed translucent gate.
 26846 | Elf:2    | Found a runed translucent gate.
 26886 | Elf:2    | Learned a level 8 spell: Lehudib's Crystal Spear
 26904 | Elf:2    | Noticed a deep elf blademaster
 26908 | Elf:2    | Killed a deep elf blademaster
 27245 | Elf:2    | Reached skill level 22 in Spellcasting
 27535 | Elf:3    | Entered Level 3 of the Elven Halls
 27846 | Elf:3    | Reached XP level 17. HP: 64/88 MP: 29/45
 27879 | Elf:3    | Reached skill level 1 in Earth Magic
 27989 | Elf:3    | Noticed a deep elf blademaster
 27993 | Elf:3    | Noticed an Ice Fiend
 27994 | Elf:3    | Noticed a Brimstone Fiend
 27995 | Elf:3    | Killed a deep elf blademaster
 27997 | Elf:3    | Identified the +1 acid dragon scales "Busiv" {Contam +Inv
                  | Fly rPois rCorr}
 28246 | Elf:3    | Paralysed by an air elemental for 1 turns
 28467 | Elf:3    | Reached skill level 23 in Spellcasting
 28872 | Elf:3    | Noticed a deep elf blademaster
 28881 | Elf:3    | Killed a deep elf blademaster
 28883 | Elf:3    | Identified the ring of Past Mistakes {Str+4 Int+6}
 28886 | Elf:3    | Killed from afar by a deep elf annihilator

Illustrated notes

Levels and vault maps discovered:
D:1:      eino_arrival_cavern_c, layout_basic
D:2:      layout_basic, serial_shops, nicolae_diamond_shop,
          shapermc_ecumenical_altar_gd, uniq_natasha, uniq_sigmund
D:3:      layout_loops_cross, lemuel_round_altar, serial_shops,
          nicolae_shop_hallway_stairs, uniq_jessica
D:4:      layout_gridville, minivault_5
D:5:      layout_rooms, mainiacjoe_overflow_alcove_2, serial_shops,
          nicolae_shop_window_shopping, minmay_diced_spiral, uniq_ijyb,
          uniq_grinder
D:6:      layout_loops_cross, dk_rats_in_the_wall
D:7:      layout_basic, kennysheep_little_box, minmay_temple_entry_glassed_door,
          minmay_liquid_box
D:8:      layout_basic, nicolae_overflow_squiral, serial_shops, shop
D:9:      layout_basic, nicolae_overflow_hidden_temple, vehumet_altar_wand_db,
          orc_0_dummy, ebering_ghost_inner_flame, dk_noncrumbling_4,
          david_defended_altar_orc
D:10:     layout_basic, mainiacjoe_overflow_concentric_impassable,
          xom_teletrap_fun, kennysheep_mini_moat, lair_entry_dummy,
          serial_shops, shop, grunt_decor_cap, minmay_hollow_rounded_squares
D:11:     layout_irregular_city, serial_glass, glass_columns_a, glass_columns_a,
          glass_columns_a, glass_columns_a, glass_columns_a, glass_columns_a,
          feat_on_display, due_unseen_surprise
D:12:     cheibrodos_wizards_tower, layout_basic, uniq_jorgrun, uniq_snorg,
          uniq_sonja, uniq_frances
D:13:     layout_small_grid, uniq_urug
D:14:     layout_rooms, erik_vaults_2, chequers_serial_rivers_micro_b,
          serial_bayou, serial_bayou_shore_b, serial_bayou_pond_d,
          serial_bayou_crossing, serial_bayou_pond_a
D:15:     grunt_enter_depths_giant_problem, layout_long_grid
Temple:   nicolae_temple_slightly_damp_pantheon
Lair:1:   layout_layer_cave, lemuel_fruit_tree, uniq_grum, uniq_fannar
Lair:2:   layout_gridlike, minivault_24, grunt_megastairs_2,
          serial_bayou_shore_b, infiniplex_staircase_pool
Lair:3:   layout_regular_city, minmay_shoals_entry_lonely_mermaid,
          spider_nest_entry_rubble, grunt_megastairs_4, serial_bayou_shore_a
Lair:4:   layout_regular_city, minmay_slime_entry_pillars,
          gauntlet_entry_generic, hangedman_tree_tricks, st_stairs_5,
          evilmike_ambush [evilmike_ambush_outer_basic,
          evilmike_ambush_inner_basic]
Lair:5:   grunt_lair_end_beastmaster, layout_hall_layers,
          chequers_serial_rivers_small_3, minivault_23,
          minmay_lair_oklob_bushes, chequers_serial_rivers_micro_c,
          nicolae_lair_time_for_slime
Orc:1:    layout_caves, nicolae_shop_firing_range, uniq_harold
Orc:2:    st_orc_mages, layout_caves
Elf:1:    eino_elf_arrival_altar, layout_gridlike,
          kennysheep_underground_church, minmay_misc_feat_pillars
Elf:2:    nicolae_elf_blades_splatter_lattice
          [nicolae_blade_entry_sentries_behind_glass], layout_geoelf_diagonals,
          basic_altar, minmay_elf_annihilation, uniq_roxanne
Elf:3:    minmay_elf_hall_curves, layout_loops_cross

Skill      XL: |  1  2  3  4  5  6  7  8  9 10 11 12 13 14 15 16 17 |
---------------+----------------------------------------------------+-----
Stealth        | 3 4 9 |  9.3
Spellcasting   | 4 6 7 8 11 14 15 16 19 21 22 23 | 23.4
Conjurations   | 6 7 8 9 10 12 13 14 15 16 17 | 17.3
Dodging        | 3 4 7 |  7.0
Hexes          | 6 |  6.0
Translocations | 4 5 |  5.0
Summonings     | 6 7 |  7.0
Air Magic      | 5 10 12 | 12.2
Fire Magic     | 4 6 9 12 | 12.1
Fighting       | 1 4 |  4.0
Earth Magic    | 3 |  3.1
Short Blades   | |  0.4
Long Blades    | |  0.1
Axes           | |  0.1
Staves         | |  0.6
Ranged Weapons | |  0.5
Shields        | |  0.1
Necromancy     | |  0.4
Transmutations | |  0.1
Ice Magic      | |  0.3
Poison Magic   | |  0.5
Invocations    | |  0.5

Action                     |  1- 3 |  4- 6 |  7- 9 | 10-12 | 13-15 | 16-18 || total
---------------------------+-------+-------+-------+-------+-------+-------++-------
  Melee: Unarmed           |       |       |       |       |     6 |       ||     6
         Staff             |       |       |       |       |     6 |       ||     6
   Cast: Magic Dart        |    32 |    89 |   105 |    34 |    10 |       ||   270
         Searing Ray       |     1 |    10 |    53 |    43 |    17 |     4 ||   128
         Iskenderun's Myst |       |       |    17 |    80 |   144 |    65 ||   306
         Fulminant Prism   |       |       |    16 |    49 |    32 |    44 ||   141
         Summon Lightning  |       |       |       |    25 |    74 |    45 ||   144
         Airstrike         |       |       |       |    34 |   122 |    24 ||   180
         Plasma Beam       |       |       |       |       |   122 |   101 ||   223
  Evoke: Wand              |       |       |     7 |       |       |       ||     7
    Use: Scroll            |       |     7 |     2 |       |    23 |     6 ||    38
         Potion            |       |       |       |       |     3 |     5 ||     8
 Armour: Robe              |       |     2 |     3 |     2 |     9 |     6 ||    22
  Dodge: Dodged            |       |     6 |    21 |    30 |    24 |    11 ||    92
